Map: Ruins of Seras

Players

Pauloph - Winner!

  • Race: Terran Terran
  • League: Silver

Laze

  • Race: Zerg Zerg
  • League: Bronze

VOD

Have the link to the VOD?

Description

Time

  • Played on: Oct. 11, 2015, 8:10 p.m.
  • Length: 14:03
Show
View Real Time Build Order
Export as new Build Order

Pauloph Terran - Winner!

Build Orders: MMM Bio 

Get SALT Encoding   

  12  0:02  SCV  
  13  0:15  Supply Depot  
  13  0:18  SCV  
  14  0:30  SCV  
  15  0:39  Barracks  
  15  0:43  SCV  
  16  0:54  Barracks  
  16  0:58  SCV  
  17  1:18  SCV  
  18  1:29  Marine  
  18  1:31  Supply Depot, Orbital Command  
  19  1:40  Bunker  
  19  1:49  Marine x2  
  21  2:02  Barracks  
  21  2:09  Supply Depot  
  21  2:14  SCV  
  22  2:21  Marine x2  
  24  2:27  SCV  
  25  2:34  Command Center  
  25  2:40  Marine x2  
  25  2:43  Refinery  
  27  2:53  Marine  
  27  2:56  Barracks  
  27  3:05  Marine x2  
  28  3:06  SCV  
  30  3:21  Marine  
  31  3:27  Marine x2  
  33  3:42  Marine  
  34  3:49  Barracks Reactor  
  34  3:50  Marine  
  34  3:54  Bunker  
  35  3:57  SCV  
  35  3:58  Marine  
  35  4:00  Barracks  
  37  4:03  Marine  
  37  4:07  Orbital Command  
  37  4:09  SCV  
  39  4:15  Barracks Reactor  
  39  4:26  Supply Depot, Marine  
  39  4:27  Marine  
  39  4:28  Barracks Reactor  
  39  4:29  Barracks Reactor  
  41  4:46  Marine x2  
  41  4:52  SCV x2  
  45  4:53  Marine x2  
  45  4:54  Engineering Bay, Marine  
  45  4:57  Engineering Bay  
  45  4:58  Supply Depot  
  48  5:05  Marine x3  
  48  5:06  Marine x2  
  53  5:09  SCV x2  
  53  5:12  Marine  
  53  5:13  Marine  
  57  5:20  Refinery  
  57  5:21  Terran Infantry Weapons Level 1  
  57  5:28  SCV x2  
  59  5:29  Marine  
  59  5:32  Marine  
  59  5:33  Refinery, Marine  
  59  5:35  Marine  
  62  5:39  Marine x2  
  62  5:40  SCV  
  62  5:41  SCV  
  67  5:53  Marine  
  67  5:54  Marine x2  
  70  6:10  Supply Depot  
  70  6:12  Barracks Tech Lab  
  70  6:15  Terran Infantry Armor Level 1  
  70  6:18  Factory  
  70  6:20  Missile Turret  
  70  6:31  SCV, Marine x7  
  78  6:36  Supply Depot  
  78  6:45  SCV x2  
  80  6:51  Stimpack  
  80  6:52  Marine x5  
  80  6:53  Marine  
  86  6:57  Marine x2  
  86  6:58  SCV x2  
  90  7:09  Marine  
  90  7:10  SCV x2, Marine  
  90  7:14  Supply Depot  
  90  7:15  Supply Depot  
  94  7:16  Factory Reactor  
  94  7:19  Supply Depot  
  94  7:22  Armory  
  94  7:31  Supply Depot  
  94  7:36  Marine x3  
  97  7:39  Marine x2  
  97  7:40  Marauder, Marine  
  102  8:06  Marine x3  
  102  8:07  Marauder, Marine  
  102  8:08  SCV  
  102  8:09  SCV  
  110  8:13  Supply Depot, Terran Infantry Weapons Level 2  
  110  8:21  Marine x3  
  110  8:26  Marine x2  
  110  8:27  Marine x2  
  115  8:28  Marauder  
  119  8:49  Marine x5  
  119  8:50  Marine x3, Marauder  
  119  8:51  SCV  
  119  8:52  Concussive Shells  
  130  8:58  Starport  
  130  9:00  Terran Infantry Armor Level 2  
  130  9:07  Marine  
  131  9:11  Marauder  
  133  9:19  Command Center  
  133  9:21  Marine  
  134  9:29  Supply Depot  
  134  9:45  Combat Shields  
  134  9:50  Marine x2  
  134  9:51  SCV x2, Marauder  
  140  10:05  Command Center  
  130  10:12  Marauder  
  100  10:27  Marine x2  
  100  10:28  Marine x6  
  101  10:34  Marauder  
  106  10:45  Marine  
  106  10:46  Marine x4  
  106  10:47  Marine x3  
  106  10:48  SCV  
  109  10:51  Orbital Command  
  109  10:55  Marauder  
  111  11:03  Marine  
  112  11:07  Marine x4  
  116  11:16  Marauder  
  118  11:22  Terran Infantry Weapons Level 3  
  118  11:26  Supply Depot  
  118  11:38  Orbital Command, Marauder  
  120  11:50  Marine x6  
  120  11:51  Marine x2  
  128  11:55  Medivac  
  128  11:56  Medivac  
  128  11:59  Marauder  
  128  12:00  Missile Turret  
  134  12:05  SCV x2  
  136  12:10  Marine x4  
  136  12:11  Marine x3  
  143  12:21  SCV, Marauder  
  143  12:22  SCV x3  
  149  12:23  Marine  
  149  12:25  Medivac  
  149  12:27  Supply Depot  
  149  12:28  Marine x2  
  154  12:34  Medivac  
  156  12:40  Supply Depot  
  156  12:42  Marauder  
  158  12:44  Marine x3  
  158  12:45  Marine x2  
  158  12:46  Supply Depot  
  158  12:47  Supply Depot  
  158  12:48  SCV x4  
  167  12:52  Supply Depot  
  167  12:55  Medivac  
  169  13:00  SCV x3  
  169  13:03  Marine, Marauder  
  169  13:04  Medivac, Marine x6  
  183  13:17  SCV x2  
  185  13:25  Marauder  
  185  13:26  SCV x2  
  189  13:36  Command Center x2  
  189  13:41  Refinery  
  189  13:46  Refinery  
Show
View Real Time Build Order
Export as new Build Order

Laze Zerg 

Build Orders: Hatch First, Muta Ling Bane 

Get SALT Encoding   

  12  0:01  Drone  
  13  0:12  Overlord  
  13  0:17  Drone  
  14  0:33  Drone x2  
  16  0:39  Drone  
  17  0:58  Hatchery  
  17  0:59  Drone  
  17  1:17  Spawning Pool  
  16  1:18  Extractor  
  16  1:19  Drone  
  16  1:49  Drone x2  
  16  1:50  Drone  
  19  2:01  Drone  
  20  2:05  Queen  
  22  2:10  Queen  
  22  2:13  Zergling x4  
  26  2:21  Overlord  
  26  2:28  Drone  
  27  2:36  Metabolic Boost  
  27  2:40  Drone x2  
  27  2:42  Spine Crawler  
  28  2:45  Drone  
  29  3:00  Spine Crawler  
  29  3:03  Spine Crawler  
  29  3:05  Drone x2  
  29  3:07  Drone  
  29  3:11  Drone  
  31  3:24  Overlord x2  
  31  3:26  Drone  
  32  3:29  Drone  
  32  3:31  Drone  
  34  3:35  Drone  
  34  3:37  Drone  
  36  3:48  Roach Warren  
  35  3:52  Extractor  
  35  3:53  Extractor  
  33  3:58  Overlord x2  
  33  4:00  Drone  
  33  4:02  Drone  
  35  4:05  Drone  
  35  4:06  Drone  
  37  4:19  Drone x2  
  37  4:20  Drone x3  
  42  4:31  Lair  
  42  4:46  Overlord x2  
  42  4:49  Drone x3  
  42  4:50  Drone x2  
  47  5:05  Evolution Chamber  
  47  5:06  Evolution Chamber  
  45  5:11  Roach x6  
  57  5:33  Zerg Missile Weapons Level 1  
  57  5:34  Zerg Ground Armor Level 1  
  57  5:37  Glial Reconstitution  
  57  5:46  Spire  
  56  5:50  Baneling Nest  
  56  5:52  Roach  
  56  5:53  Roach x3  
  56  5:55  Roach  
  65  5:57  Roach  
  66  6:16  Roach x3  
  66  6:17  Roach x2  
  66  6:18  Overlord x4  
  76  6:38  Centrifical Hooks  
  76  6:44  Roach x4  
  84  6:48  Extractor  
  84  6:51  Baneling x2  
  84  6:52  Baneling  
  83  7:23  Baneling  
  83  7:44  Hatchery  
  82  8:04  Zerg Missile Weapons Level 2  
  82  8:05  Zerg Ground Armor Level 2  
  82  8:09  Roach  
  82  8:10  Mutalisk x3, Roach x3  
  96  8:28  Overlord x2  
  96  8:30  Zergling x2  
  96  8:31  Zergling x22  
  96  8:32  Overlord  
  96  8:33  Overlord x2  
  108  8:49  Zerg Flyer Weapons Level 1  
  108  8:58  Queen  
  110  9:03  Overlord, Drone  
  110  9:04  Drone x5  
  116  9:16  Overlord  
  116  9:17  Drone x4  
  116  9:18  Drone x3  
  116  9:24  Spore Crawler  
  122  9:27  Spore Crawler  
  122  9:29  Spore Crawler  
  120  9:33  Mutalisk  
  121  9:55  Roach  
  121  9:56  Roach x7  
  60  10:22  Roach x6  
  60  10:23  Roach x4  
  67  10:36  Roach x6  
  61  10:54  Roach  
  61  10:55  Roach x3  
  66  11:47  Hatchery  
  65  12:06  Overlord x2  
  65  12:07  Drone x5  
  65  12:08  Drone x4  
  73  12:09  Drone  
  73  12:11  Roach  
  73  12:14  Roach  
  79  12:19  Roach  
  81  12:24  Roach  
  83  13:02  Hatchery  
  83  13:03  Roach  
  83  13:04  Roach  
  86  13:19  Hatchery  
  85  13:31  Spine Crawler  
  84  13:34  Spine Crawler  
  84  13:37  Spine Crawler  
Tags
 
Add a new tag
Caveats
  • Supply blocks, unpowered buildings, or Contaminate may cause inaccurate times.
  • Supply counts are checked every 10 seconds.